St.Louis Blues vs Pittsburgh Penguins
Created - Friday, March 31, 2023 at 07:48
Goals
|
| St.Louis Blues |
1 |
0 |
1 |
2 |
| Pittsburgh Penguins |
0 |
2 |
4 |
6 |
|
Shots
|
| St.Louis Blues |
13 |
7 |
10 |
30 |
| Pittsburgh Penguins |
5 |
15 |
12 |
32 |
|
1st period
1. St.Louis Blues , Jack Eichel 3 (Alex Tuch 6, Alex Pietrangelo 13) at 3:11
Penalties :
Niko Mikkola (STL) for Hooking (Minor) at 14:48
2nd period
2. Pittsburgh Penguins , Mitch Marner 7 (Leon Draisaitl 13, Sam Reinhart 13) at 2:06
3. Pittsburgh Penguins , Ryan Johansen 5 (Blake Coleman 2, Anton Stralman 2) at 4:39
Penalties :
Alex Tuch (STL) for Hooking (Minor) at 4:42, Jonas Brodin (STL) for Holding Stick (Minor) at 18:50
3rd period
4. St.Louis Blues , Alex Tuch 6 (Jake Guentzel 9, Elias Pettersson 12) at 1:07
5. Pittsburgh Penguins , Jeff Carter 6 (Pavel Buchnevich 7, Anton Stralman 3) at 4:02
6. Pittsburgh Penguins , Jeff Carter 7 (Anton Stralman 4, Ryan Suter 7) at 11:53 (PP)
7. Pittsburgh Penguins , Ryan Johansen 6 (Reilly Smith 3, Anton Stralman 5) at 18:09
8. Pittsburgh Penguins , Jeff Carter 8 (Pavel Buchnevich 8, Jean-Gabriel Pageau 6) at 18:47
Penalties :
Alex Pietrangelo (STL) for High sticking (Minor) at 4:29, Mattias Ekholm (PIT) for Holding (Minor) at 8:57, Elias Pettersson (STL) for Tripping (Minor) at 10:20, Alex Tuch (STL) for Holding (Minor) at 12:11, Jordan Eberle (PIT) for Holding (Minor) at 15:52
Goalie Stats
Frederik Andersen (STL), 26 saves from 32 shots - (0.813), L, 8-3-1, 60:00 minutes
Jonathan Quick (PIT), 28 saves from 30 shots - (0.933), W, 9-5-0, 60:00 minutes
Players Stats for St.Louis Blues
Player Name G A P +/- PIM S H SB GA TA FO MP PP MP PK MP
------------------------------------------------------------------------------------
Alex DeBrincat 0 0 0 -2 0 3 3 0 0 1 1/1 14:56 1:29 0:41
Alex Pietrangelo 0 1 1 1 2 3 2 1 1 0 0/0 25:11 1:50 1:21
Alex Tuch 1 1 2 0 4 4 1 0 1 0 0/1 20:20 1:53 1:01
Colton Parayko 0 0 0 1 0 0 1 1 0 0 0/0 27:05 0:00 6:00
Danny DeKeyser 0 0 0 -2 0 1 1 0 0 0 0/0 16:07 0:00 6:50
Elias Pettersson 0 1 1 0 2 2 3 0 1 0 6/24 20:23 1:52 1:40
Evander Kane 0 0 0 0 0 1 1 1 0 0 0/1 12:00 1:29 0:00
Frederick Gaudreau 0 0 0 -1 0 2 0 1 0 2 6/11 11:27 0:00 6:31
Jack Eichel 1 0 1 0 0 3 2 0 1 0 2/6 10:14 0:00 0:00
Jake Guentzel 0 1 1 0 0 3 2 0 0 1 1/3 18:15 1:32 0:00
Jimmy Vesey 0 0 0 -1 0 0 1 1 0 0 0/3 11:27 0:00 6:31
Joe Pavelski 0 0 0 0 0 1 3 0 1 0 4/5 12:08 1:53 0:00
Jonas Brodin 0 0 0 -2 2 0 1 4 1 0 0/0 18:33 0:00 3:36
Morgan Rielly 0 0 0 -2 0 0 1 5 0 0 0/0 17:23 1:32 0:48
Niko Mikkola 0 0 0 -1 2 0 2 0 0 0 0/0 12:28 0:00 3:09
Ondrej Kase 0 0 0 -1 0 1 0 0 0 0 0/0 7:57 0:00 2:39
Robert Thomas 0 0 0 -2 0 4 1 0 0 0 9/13 17:17 1:29 2:39
Tage Thompson 0 0 0 -3 0 2 1 0 0 1 0/0 15:15 1:50 0:02
Players Stats for Pittsburgh Penguins
Player Name G A P +/- PIM S H SB GA TA FO MP PP MP PK MP
------------------------------------------------------------------------------------
Anton Stralman 0 4 4 2 0 0 0 1 0 1 0/0 19:40 4:16 1:27
Blake Coleman 0 1 1 2 0 0 0 1 0 0 0/0 10:06 0:00 0:00
Chris Tanev 0 0 0 0 0 1 0 0 0 0 0/0 11:56 0:33 0:00
Colton Sissons 0 0 0 0 0 0 1 0 0 0 0/2 7:39 0:00 0:00
Erik Gudbranson 0 0 0 0 0 0 2 0 0 0 0/0 7:39 0:00 0:00
Erik Karlsson 0 0 0 1 0 0 1 1 1 0 0/0 29:33 6:36 1:55
Jean-Gabriel Pageau 0 1 1 2 0 2 0 0 0 0 11/17 13:21 0:33 0:14
Jeff Carter 3 0 3 2 0 4 1 0 0 0 1/1 17:31 5:07 0:45
Jordan Eberle 0 0 0 0 2 2 0 0 1 1 1/2 8:05 0:00 0:14
Leon Draisaitl 0 1 1 -1 0 2 1 1 1 1 21/35 23:25 5:12 2:09
Mattias Ekholm 0 0 0 1 2 0 3 2 0 2 0/0 27:53 6:36 0:52
Mitch Marner 1 0 1 -1 0 6 1 0 0 0 1/1 24:00 5:45 2:09
Pavel Buchnevich 0 2 2 2 0 5 0 2 0 1 1/2 17:16 5:07 0:28
Reilly Smith 0 1 1 2 0 2 1 2 0 0 0/2 10:17 0:00 0:00
Ryan Johansen 2 0 2 2 0 2 1 0 0 0 3/3 14:39 5:07 0:00
Ryan Suter 0 1 1 2 0 2 1 1 0 0 0/0 19:40 4:16 1:27
Sam Reinhart 0 1 1 -1 0 4 1 0 2 0 0/3 21:30 5:12 0:45
T.J. Brodie 0 0 0 0 0 0 0 0 0 0 0/0 11:50 0:00 1:03
3 Stars
1 - Jeff Carter (PIT)
2 - Ryan Johansen (PIT)
3 - Anton Stralman (PIT)
Power Play
St.Louis Blues - 0 on 2 Attempt(s) - 0.00%
Pittsburgh Penguins - 1 on 6 Attempt(s) - 16.67%
Penalty Kill
St.Louis Blues - 5 on 6 Attempt(s) - 83.33%
- Score 0 goal in Penalty Kill
Pittsburgh Penguins - 2 on 2 Attempt(s) - 100.00%
- Score 0 goal in Penalty Kill
Team Stat
St.Louis Blues - Hits : 26 - Faceoff Wins : 29 - Blocked Shots : 14 - Penalty Minutes : 12
Pittsburgh Penguins - Hits : 14 - Faceoff Wins : 39 - Blocked Shots : 11 - Penalty Minutes : 4
Official
Referees : Kevin Pollock and Greg Kimmerly
Linesman : Don Henderson and Tim Nowak
Game Notes
Jeff Carter has scored a Hat Trick!
Finance
Level 1 -- Attendance: 4771 (79.52%) -- Ticket Income $477,100
Level 2 -- Attendance: 3662 (73.24%) -- Ticket Income $219,720
Level 3 -- Attendance: 2686 (89.53%) -- Ticket Income $94,010
Level 4 -- Attendance: 4035 (80.70%) -- Ticket Income $100,875
Luxury Box -- Attendance: 708 (70.80%) -- Ticket Income $141,600
Game was played at the Consol Energy Center.
Total Attendance: 15862 (79.31%)
Total Ticket Income: $1,033,305
Other Income: $361,657
Total Income: $1,394,962
St.Louis Blues
5 vs 5 Forward
Center Left Wing Right Wing Time % Phy DF OF
1 Elias Pettersson Jake Guentzel Alex Tuch 40 0 2 3
2 Robert Thomas Alex DeBrincat Tage Thompson 30 1 2 2
3 Jack Eichel Evander Kane Joe Pavelski 20 0 2 3
4 Frederick Gaudreau Jimmy Vesey Ondrej Kase 10 1 3 1
5 vs 5 Defense
Defense Defense Time % Phy DF OF
1 Alex Pietrangelo Colton Parayko 40 1 2 2
2 Morgan Rielly Jonas Brodin 30 1 2 2
3 Danny DeKeyser Niko Mikkola 20 1 2 2
4 Alex Pietrangelo Colton Parayko 10 1 2 2
PowerPlay Forward
Center Left Wing Right Wing Time % Phy DF OF
1 Joe Pavelski Alex Tuch Elias Pettersson 60 1 0 4
2 Robert Thomas Alex DeBrincat Evander Kane 40 1 0 4
PowerPlay Defense
Defense Defense Time % Phy DF OF
1 Morgan Rielly Jake Guentzel 60 0 1 4
2 Tage Thompson Alex Pietrangelo 40 0 1 4
Penalty Kill 4 Players Forward
Center Wing Time % Phy DF OF
1 Frederick Gaudreau Jimmy Vesey 60 1 4 0
2 Robert Thomas Ondrej Kase 40 1 4 0
Penalty Kill 4 Players Defense
Defense Defense Time % Phy DF OF
1 Colton Parayko Danny DeKeyser 60 2 3 0
2 Jonas Brodin Niko Mikkola 40 2 3 0
Penalty Kill - 3 Players Forward
Forward Time % Phy DF OF
1 Frederick Gaudreau 60 0 5 0
2 Robert Thomas 40 0 5 0
Penalty Kill - 3 Players Defense
Defense Defense Time % Phy DF OF
1 Colton Parayko Danny DeKeyser 60 1 4 0
2 Jonas Brodin Niko Mikkola 40 1 4 0
4 vs 4 Forward
Center Wing Time % Phy DF OF
1 Elias Pettersson Alex Tuch 60 0 2 3
2 Robert Thomas Jake Guentzel 40 0 2 3
4 vs 4 Defense
Defense Defense Time % Phy DF OF
1 Alex Pietrangelo Colton Parayko 60 0 3 2
2 Morgan Rielly Jonas Brodin 40 0 3 2
Last Minutes Offensive
Center Left Wing Right Wing Defense Defense
Robert Thomas Elias Pettersson Jake Guentzel Alex Tuch Morgan Rielly
Last Minutes Defensive
Center Left Wing Right Wing Defense Defense
Frederick Gaudreau Jimmy Vesey Ondrej Kase Colton Parayko Alex Pietrangelo
Goaltenders
Starting : Frederik Andersen
Backup : Scott Wedgewood
Extra Forwards
Normal : Tage Thompson, Evander Kane, Frederick Gaudreau - PP : Alex DeBrincat, Jack Eichel - PK : Alex Tuch
Extra Defensemen
Normal : Morgan Rielly, Colton Parayko, Niko Mikkola - PP : Jonas Brodin - PK : Colton Parayko, Alex Pietrangelo
Penalty Shots
Alex DeBrincat, Joe Pavelski, Alex Tuch, Elias Pettersson, Robert Thomas
Pittsburgh Penguins
5 vs 5 Forward
Center Left Wing Right Wing Time % Phy DF OF
1 Leon Draisaitl Mitch Marner Sam Reinhart 40 1 2 2
2 Jean-Gabriel Pageau Pavel Buchnevich Jeff Carter 30 1 2 2
3 Ryan Johansen Blake Coleman Reilly Smith 20 1 2 2
4 Colton Sissons Erik Gudbranson Jordan Eberle 10 1 2 2
5 vs 5 Defense
Defense Defense Time % Phy DF OF
1 Erik Karlsson Mattias Ekholm 40 1 2 2
2 Ryan Suter Anton Stralman 30 1 2 2
3 Chris Tanev T.J. Brodie 20 1 2 2
4 Erik Karlsson Mattias Ekholm 10 1 2 2
PowerPlay Forward
Center Left Wing Right Wing Time % Phy DF OF
1 Leon Draisaitl Mitch Marner Sam Reinhart 60 1 2 2
2 Jeff Carter Pavel Buchnevich Ryan Johansen 40 1 2 2
PowerPlay Defense
Defense Defense Time % Phy DF OF
1 Erik Karlsson Mattias Ekholm 60 1 2 2
2 Ryan Suter Anton Stralman 40 1 2 2
Penalty Kill 4 Players Forward
Center Wing Time % Phy DF OF
1 Leon Draisaitl Mitch Marner 60 1 2 2
2 Sam Reinhart Jeff Carter 40 1 2 2
Penalty Kill 4 Players Defense
Defense Defense Time % Phy DF OF
1 Erik Karlsson Mattias Ekholm 60 1 2 2
2 Ryan Suter Anton Stralman 40 1 2 2
Penalty Kill - 3 Players Forward
Forward Time % Phy DF OF
1 Leon Draisaitl 60 1 2 2
2 Mitch Marner 40 1 2 2
Penalty Kill - 3 Players Defense
Defense Defense Time % Phy DF OF
1 Erik Karlsson Mattias Ekholm 60 1 2 2
2 Ryan Suter Anton Stralman 40 1 2 2
4 vs 4 Forward
Center Wing Time % Phy DF OF
1 Leon Draisaitl Mitch Marner 60 1 2 2
2 Sam Reinhart Jeff Carter 40 1 2 2
4 vs 4 Defense
Defense Defense Time % Phy DF OF
1 Erik Karlsson Mattias Ekholm 60 1 2 2
2 Ryan Suter Anton Stralman 40 1 2 2
Last Minutes Offensive
Center Left Wing Right Wing Defense Defense
Leon Draisaitl Mitch Marner Sam Reinhart Erik Karlsson Mattias Ekholm
Last Minutes Defensive
Center Left Wing Right Wing Defense Defense
Leon Draisaitl Mitch Marner Sam Reinhart Erik Karlsson Mattias Ekholm
Goaltenders
Starting : Jonathan Quick
Backup : Mike Smith
Extra Forwards
Normal : Jean-Gabriel Pageau, Reilly Smith, Jordan Eberle - PP : Jean-Gabriel Pageau, Reilly Smith - PK : Jordan Eberle
Extra Defensemen
Normal : Chris Tanev, T.J. Brodie, Erik Gudbranson - PP : Chris Tanev - PK : T.J. Brodie, Erik Gudbranson
Penalty Shots
Leon Draisaitl, Mitch Marner, Sam Reinhart, Jeff Carter, Ryan Johansen
% Time on Ice - St.Louis Blues
Lines # - Real PCT - Wanted PCT - Time Play
Normal Forward
1 - 37% - 40% - 16:52
2 - 29% - 30% - 13:09
3 - 23% - 20% - 10:14
4 - 11% - 10% - 4:55
Normal Defense
1 - 39% - 40% - 17:40
2 - 34% - 30% - 15:20
3 - 19% - 20% - 8:35
4 - 8% - 10% - 3:35
PP Forward
1 - 56% - 60% - 1:53
2 - 44% - 40% - 1:29
PP Defense
1 - 46% - 60% - 1:32
2 - 54% - 40% - 1:50
PK Forward
1 - 76% - 60% - 8:13
2 - 24% - 40% - 2:39
PK Defense
1 - 55% - 60% - 6:00
2 - 45% - 40% - 4:52
PK3 Forward
1 - 0% - 60%
2 - 0% - 40%
PK3 Defense
1 - 0% - 60%
2 - 0% - 40%
44 Forward
1 - 100% - 60% - 0:36
2 - 0% - 40% - 0:00
44 Defense
1 - 61% - 60% - 0:22
2 - 39% - 40% - 0:14
Last Minute Offensive - 0:00
Last Minute Defensive - 0:00
Total
Forward - 60:00
Defense - 60:00
|
% Time on Ice - Pittsburgh Penguins
Lines # - Real PCT - Wanted PCT - Time Play
Normal Forward
1 - 35% - 40% - 15:35
2 - 26% - 30% - 11:50
3 - 22% - 20% - 10:06
4 - 17% - 10% - 7:39
Normal Defense
1 - 39% - 40% - 17:39
2 - 31% - 30% - 13:57
3 - 24% - 20% - 10:47
4 - 6% - 10% - 2:47
PP Forward
1 - 53% - 60% - 5:45
2 - 47% - 40% - 5:07
PP Defense
1 - 61% - 60% - 6:36
2 - 39% - 40% - 4:16
PK Forward
1 - 78% - 60% - 2:37
2 - 22% - 40% - 0:45
PK Defense
1 - 57% - 60% - 1:55
2 - 43% - 40% - 1:27
PK3 Forward
1 - 0% - 60%
2 - 0% - 40%
PK3 Defense
1 - 0% - 60%
2 - 0% - 40%
44 Forward
1 - 100% - 60% - 0:36
2 - 0% - 40% - 0:00
44 Defense
1 - 100% - 60% - 0:36
2 - 0% - 40% - 0:00
Last Minute Offensive - 0:00
Last Minute Defensive - 0:00
Total
Forward - 60:00
Defense - 60:00
|
Play-by-Play
1st period
0:01 of 1st period - Leon Draisaitl wins face-off versus Elias Pettersson in neutral zone.
0:04 of 1st period - Alex Pietrangelo is hit by Mitch Marner and loses puck.
0:13 of 1st period - Snap shot by Colton Parayko.
0:13 of 1st period - Shot Blocked by Mattias Ekholm.
0:15 of 1st period - Slapshot by Alex Pietrangelo.
0:15 of 1st period - Stopped by Jonathan Quick without a rebound.
0:16 of 1st period - Alex DeBrincat wins face-off versus Jean-Gabriel Pageau in Pittsburgh Penguins zone.
0:31 of 1st period - Snap shot by Tage Thompson.
0:31 of 1st period - Shot Misses the Net.
0:33 of 1st period - Slapshot by Jonas Brodin.
0:33 of 1st period - Shot Misses the Net.
0:43 of 1st period - Jack Eichel is hit by Reilly Smith.
0:44 of 1st period - Icing by Jack Eichel.
0:45 of 1st period - Ryan Johansen wins face-off versus Jack Eichel in St.Louis Blues zone.
0:48 of 1st period - Wrist shot by Reilly Smith.
0:48 of 1st period - Stopped by Frederik Andersen without a rebound.
0:49 of 1st period - Jordan Eberle wins face-off versus Frederick Gaudreau in St.Louis Blues zone.
1:00 of 1st period - Snap shot by Jordan Eberle.
1:00 of 1st period - Shot Blocked by Jimmy Vesey.
1:14 of 1st period - Sam Reinhart is hit by Alex Tuch and loses puck.
1:21 of 1st period - Wrist shot by Elias Pettersson.
1:21 of 1st period - Stopped by Jonathan Quick without a rebound.
1:22 of 1st period - Jack Eichel wins face-off versus Reilly Smith in Pittsburgh Penguins zone.
1:23 of 1st period - Wrist shot by Evander Kane.
1:23 of 1st period - Shot Misses the Net.
1:29 of 1st period - Wrist shot by Evander Kane.
1:29 of 1st period - Shot Blocked by Blake Coleman.
1:31 of 1st period - Backhand shot by Alex Pietrangelo.
1:31 of 1st period - Stopped by Jonathan Quick with a rebound.
1:55 of 1st period - Erik Karlsson is hit by Morgan Rielly and loses puck.
2:15 of 1st period - Snap shot by Pavel Buchnevich.
2:15 of 1st period - Deflect By Jeff Carter.
2:15 of 1st period - Shot Misses the Net.
2:15 of 1st period - Puck is out of play.
2:16 of 1st period - Jean-Gabriel Pageau wins face-off versus Robert Thomas in St.Louis Blues zone.
2:17 of 1st period - Slapshot by Pavel Buchnevich.
2:17 of 1st period - Stopped by Frederik Andersen with a rebound.
2:19 of 1st period - Slapshot by Ryan Suter.
2:19 of 1st period - Shot Blocked by Alex Pietrangelo.
2:21 of 1st period - Wrist shot by Ryan Suter.
2:21 of 1st period - Shot Misses the Net.
2:53 of 1st period - Snap shot by Alex Tuch.
2:53 of 1st period - Shot Blocked by Reilly Smith.
3:11 of 1st period - Wrist shot by Jack Eichel.
3:11 of 1st period - Goal by Jack Eichel - St.Louis Blues : 1 - Pittsburgh Penguins : 0.
3:12 of 1st period - Robert Thomas wins face-off versus Leon Draisaitl in neutral zone.
3:15 of 1st period - Mitch Marner is hit by Niko Mikkola and loses puck.
3:24 of 1st period - Snap shot by Tage Thompson.
3:24 of 1st period - Shot Misses the Net.
3:26 of 1st period - Snap shot by Robert Thomas.
3:26 of 1st period - Stopped by Jonathan Quick without a rebound.
3:27 of 1st period - Jean-Gabriel Pageau wins face-off versus Jack Eichel in Pittsburgh Penguins zone.
3:42 of 1st period - Snap shot by Evander Kane.
3:42 of 1st period - Stopped by Jonathan Quick without a rebound.
3:43 of 1st period - Leon Draisaitl wins face-off versus Elias Pettersson in Pittsburgh Penguins zone.
3:56 of 1st period - Wrist shot by Sam Reinhart.
3:56 of 1st period - Stopped by Frederik Andersen without a rebound.
3:57 of 1st period - Jean-Gabriel Pageau wins face-off versus Frederick Gaudreau in St.Louis Blues zone.
4:48 of 1st period - Slapshot by Robert Thomas.
4:48 of 1st period - Stopped by Jonathan Quick with a rebound.
5:16 of 1st period - Snap shot by Jack Eichel.
5:16 of 1st period - Stopped by Jonathan Quick without a rebound.
5:17 of 1st period - Elias Pettersson wins face-off versus Colton Sissons in Pittsburgh Penguins zone.
5:53 of 1st period - Snap shot by Alex DeBrincat.
5:53 of 1st period - Stopped by Jonathan Quick without a rebound.
5:54 of 1st period - Joe Pavelski wins face-off versus Reilly Smith in Pittsburgh Penguins zone.
6:01 of 1st period - Snap shot by Reilly Smith.
6:01 of 1st period - Shot Blocked by Jonas Brodin.
6:50 of 1st period - Snap shot by Jake Guentzel.
6:50 of 1st period - Shot Misses the Net.
7:29 of 1st period - Off-side.
7:30 of 1st period - Leon Draisaitl wins face-off versus Jack Eichel in neutral zone.
7:57 of 1st period - Anton Stralman is hit by Elias Pettersson.
8:06 of 1st period - Snap shot by Pavel Buchnevich.
8:06 of 1st period - Stopped by Frederik Andersen without a rebound.
8:07 of 1st period - Robert Thomas wins face-off versus Leon Draisaitl in St.Louis Blues zone.
8:07 of 1st period - Robert Thomas is hit by Leon Draisaitl.
9:25 of 1st period - Chris Tanev is hit by Evander Kane and loses puck.
9:34 of 1st period - Snap shot by Evander Kane.
9:34 of 1st period - Shot Misses the Net.
9:54 of 1st period - Wrist shot by Robert Thomas.
9:54 of 1st period - Shot Misses the Net.
10:06 of 1st period - Snap shot by Leon Draisaitl.
10:06 of 1st period - Shot Misses the Net.
11:40 of 1st period - Elias Pettersson is hit by Erik Karlsson and loses puck.
11:50 of 1st period - Icing by Elias Pettersson.
11:51 of 1st period - Jack Eichel wins face-off versus Colton Sissons in St.Louis Blues zone.
11:51 of 1st period - Jack Eichel is hit by Colton Sissons.
12:07 of 1st period - Evander Kane is hit by Erik Gudbranson and loses puck.
13:00 of 1st period - Mattias Ekholm is hit by Alex DeBrincat and loses puck.
13:19 of 1st period - Snap shot by Jordan Eberle.
13:19 of 1st period - Stopped by Frederik Andersen without a rebound.
13:20 of 1st period - Elias Pettersson wins face-off versus Jordan Eberle in St.Louis Blues zone.
13:36 of 1st period - Off-side.
13:37 of 1st period - Robert Thomas wins face-off versus Leon Draisaitl in neutral zone.
13:44 of 1st period - Snap shot by Robert Thomas.
13:44 of 1st period - Stopped by Jonathan Quick without a rebound.
13:45 of 1st period - Robert Thomas wins face-off versus Sam Reinhart in Pittsburgh Penguins zone.
13:50 of 1st period - Wrist shot by Alex DeBrincat.
13:50 of 1st period - Stopped by Jonathan Quick with a rebound.
13:52 of 1st period - Snap shot by Alex DeBrincat.
13:52 of 1st period - Shot Misses the Net.
13:54 of 1st period - Snap shot by Alex Pietrangelo.
13:54 of 1st period - Shot Blocked by Mattias Ekholm.
14:24 of 1st period - Wrist shot by Tage Thompson.
14:24 of 1st period - Stopped by Jonathan Quick without a rebound.
14:25 of 1st period - Jean-Gabriel Pageau wins face-off versus Elias Pettersson in Pittsburgh Penguins zone.
14:48 of 1st period - Minor Penalty to Niko Mikkola for Hooking.
14:49 of 1st period - Leon Draisaitl wins face-off versus Jimmy Vesey in St.Louis Blues zone.
15:16 of 1st period - Colton Parayko is hit by Mattias Ekholm and loses puck.
16:48 of 1st period - Penalty to Niko Mikkola is over, Niko Mikkola is back on ice.
17:19 of 1st period - Blake Coleman is hit by Alex DeBrincat and loses puck.
18:20 of 1st period - Snap shot by Robert Thomas.
18:20 of 1st period - Shot Misses the Net.
18:46 of 1st period - Leon Draisaitl is hit by Jimmy Vesey.
19:20 of 1st period - Erik Karlsson is hit by Niko Mikkola and loses puck.
19:45 of 1st period - Snap shot by Jake Guentzel.
19:45 of 1st period - Deflect By Blake Coleman.
19:45 of 1st period - Stopped by Jonathan Quick with a rebound.
Goals for this period are 1 for St.Louis Blues vs 0 for Pittsburgh Penguins.
Shots for this period are 13 for St.Louis Blues vs 5 for Pittsburgh Penguins.
2nd period
0:01 of 2nd period - Leon Draisaitl wins face-off versus Elias Pettersson in neutral zone.
1:00 of 2nd period - Snap shot by Ondrej Kase.
1:00 of 2nd period - Shot Misses the Net.
1:02 of 2nd period - Snap shot by Frederick Gaudreau.
1:02 of 2nd period - Stopped by Jonathan Quick without a rebound.
1:03 of 2nd period - Leon Draisaitl wins face-off versus Elias Pettersson in Pittsburgh Penguins zone.
1:09 of 2nd period - Off-side.
1:10 of 2nd period - Leon Draisaitl wins face-off versus Elias Pettersson in neutral zone.
1:12 of 2nd period - Off-side.
1:13 of 2nd period - Leon Draisaitl wins face-off versus Elias Pettersson in neutral zone.
2:06 of 2nd period - Wrist shot by Mitch Marner.
2:06 of 2nd period - Goal by Mitch Marner - St.Louis Blues : 1 - Pittsburgh Penguins : 1.
2:07 of 2nd period - Robert Thomas wins face-off versus Jean-Gabriel Pageau in neutral zone.
2:10 of 2nd period - Snap shot by Tage Thompson.
2:10 of 2nd period - Shot Misses the Net.
2:59 of 2nd period - Snap shot by Colton Sissons.
2:59 of 2nd period - Shot Blocked by Evander Kane.
3:01 of 2nd period - Wrist shot by Erik Gudbranson.
3:01 of 2nd period - Shot Blocked by Jonas Brodin.
3:03 of 2nd period - Wrist shot by Erik Gudbranson.
3:03 of 2nd period - Deflect By Jordan Eberle.
3:03 of 2nd period - Shot Misses the Net.
3:03 of 2nd period - Puck is out of play.
3:04 of 2nd period - Leon Draisaitl wins face-off versus Elias Pettersson in St.Louis Blues zone.
3:35 of 2nd period - Snap shot by Pavel Buchnevich.
3:35 of 2nd period - Stopped by Frederik Andersen without a rebound.
3:36 of 2nd period - Jean-Gabriel Pageau wins face-off versus Robert Thomas in St.Louis Blues zone.
3:45 of 2nd period - Snap shot by Jeff Carter.
3:45 of 2nd period - Stopped by Frederik Andersen without a rebound.
3:46 of 2nd period - Robert Thomas wins face-off versus Leon Draisaitl in St.Louis Blues zone.
4:23 of 2nd period - Snap shot by Jake Guentzel.
4:23 of 2nd period - Shot Misses the Net.
4:25 of 2nd period - Slapshot by Alex Tuch.
4:25 of 2nd period - Shot Misses the Net.
4:37 of 2nd period - Snap shot by Blake Coleman.
4:37 of 2nd period - Shot Misses the Net.
4:39 of 2nd period - Snap shot by Ryan Johansen.
4:39 of 2nd period - Goal by Ryan Johansen - St.Louis Blues : 1 - Pittsburgh Penguins : 2.
4:40 of 2nd period - Elias Pettersson wins face-off versus Leon Draisaitl in neutral zone.
4:42 of 2nd period - Minor Penalty to Alex Tuch for Hooking.
4:43 of 2nd period - Frederick Gaudreau wins face-off versus Leon Draisaitl in St.Louis Blues zone.
4:55 of 2nd period - Wrist shot by Frederick Gaudreau.
4:55 of 2nd period - Stopped by Jonathan Quick without a rebound.
4:56 of 2nd period - Frederick Gaudreau wins face-off versus Sam Reinhart in Pittsburgh Penguins zone.
6:42 of 2nd period - Penalty to Alex Tuch is over, Alex Tuch is back on ice.
6:55 of 2nd period - Jordan Eberle is hit by Elias Pettersson and loses puck.
7:02 of 2nd period - Snap shot by Jordan Eberle.
7:02 of 2nd period - Shot Misses the Net.
7:16 of 2nd period - Jonas Brodin is hit by Ryan Johansen and loses puck.
7:35 of 2nd period - Blake Coleman is hit by Alex Pietrangelo.
8:20 of 2nd period - Erik Gudbranson is hit by Colton Parayko and loses puck.
8:33 of 2nd period - Alex Tuch is hit by Jeff Carter and loses puck.
8:42 of 2nd period - Backhand shot by Alex Pietrangelo.
8:42 of 2nd period - Deflect By Alex Tuch.
8:42 of 2nd period - Stopped by Jonathan Quick without a rebound.
8:43 of 2nd period - Ryan Johansen wins face-off versus Robert Thomas in Pittsburgh Penguins zone.
8:52 of 2nd period - Snap shot by Reilly Smith.
8:52 of 2nd period - Stopped by Frederik Andersen with a rebound.
9:28 of 2nd period - Leon Draisaitl is hit by Jake Guentzel and loses puck.
9:41 of 2nd period - Snap shot by Mitch Marner.
9:41 of 2nd period - Stopped by Frederik Andersen without a rebound.
9:42 of 2nd period - Robert Thomas wins face-off versus Jean-Gabriel Pageau in St.Louis Blues zone.
10:35 of 2nd period - Slapshot by Jordan Eberle.
10:35 of 2nd period - Shot Misses the Net.
10:37 of 2nd period - Snap shot by Anton Stralman.
10:37 of 2nd period - Deflect By Jordan Eberle.
10:37 of 2nd period - Stopped by Frederik Andersen without a rebound.
10:38 of 2nd period - Leon Draisaitl wins face-off versus Elias Pettersson in St.Louis Blues zone.
10:51 of 2nd period - Slapshot by Mitch Marner.
10:51 of 2nd period - Shot Blocked by Jonas Brodin.
10:53 of 2nd period - Slapshot by Ryan Suter.
10:53 of 2nd period - Stopped by Frederik Andersen with a rebound.
11:07 of 2nd period - Snap shot by Reilly Smith.
11:07 of 2nd period - Shot Misses the Net.
11:30 of 2nd period - Off-side.
11:31 of 2nd period - Jean-Gabriel Pageau wins face-off versus Jack Eichel in neutral zone.
11:49 of 2nd period - Snap shot by Evander Kane.
11:49 of 2nd period - Deflect By Jack Eichel.
11:49 of 2nd period - Shot Blocked by Pavel Buchnevich.
11:49 of 2nd period - Puck is out of play.
11:50 of 2nd period - Jake Guentzel wins face-off versus Leon Draisaitl in Pittsburgh Penguins zone.
11:53 of 2nd period - Snap shot by Elias Pettersson.
11:53 of 2nd period - Shot Blocked by Erik Karlsson.
11:55 of 2nd period - Slapshot by Alex Pietrangelo.
11:55 of 2nd period - Deflect By Alex Tuch.
11:55 of 2nd period - Shot Misses the Net.
11:55 of 2nd period - Puck is out of play.
11:56 of 2nd period - Leon Draisaitl wins face-off versus Elias Pettersson in Pittsburgh Penguins zone.
12:09 of 2nd period - Icing by Alex Tuch.
12:10 of 2nd period - Leon Draisaitl wins face-off versus Elias Pettersson in St.Louis Blues zone.
12:17 of 2nd period - Slapshot by Leon Draisaitl.
12:17 of 2nd period - Stopped by Frederik Andersen without a rebound.
12:18 of 2nd period - Leon Draisaitl wins face-off versus Elias Pettersson in St.Louis Blues zone.
12:19 of 2nd period - Snap shot by Mitch Marner.
12:19 of 2nd period - Stopped by Frederik Andersen with a rebound.
12:21 of 2nd period - Slapshot by Mattias Ekholm.
12:21 of 2nd period - Shot Misses the Net.
12:23 of 2nd period - Slapshot by Sam Reinhart.
12:23 of 2nd period - Stopped by Frederik Andersen without a rebound.
12:24 of 2nd period - Leon Draisaitl wins face-off versus Elias Pettersson in St.Louis Blues zone.
12:38 of 2nd period - Off-side.
12:39 of 2nd period - Robert Thomas wins face-off versus Jean-Gabriel Pageau in neutral zone.
12:53 of 2nd period - Snap shot by Alex DeBrincat.
12:53 of 2nd period - Stopped by Jonathan Quick with a rebound.
13:05 of 2nd period - Erik Karlsson is hit by Jake Guentzel and loses puck.
13:28 of 2nd period - Ryan Suter is hit by Joe Pavelski and loses puck.
13:53 of 2nd period - Slapshot by Ondrej Kase.
13:53 of 2nd period - Shot Misses the Net.
13:55 of 2nd period - Slapshot by Ondrej Kase.
13:55 of 2nd period - Deflect By Frederick Gaudreau.
13:55 of 2nd period - Shot Blocked by Reilly Smith.
13:55 of 2nd period - Puck is out of play.
13:56 of 2nd period - Ryan Johansen wins face-off versus Elias Pettersson in Pittsburgh Penguins zone.
13:56 of 2nd period - Ryan Johansen is hit by Elias Pettersson.
14:04 of 2nd period - Slapshot by Elias Pettersson.
14:04 of 2nd period - Stopped by Jonathan Quick with a rebound.
14:06 of 2nd period - Wrist shot by Alex Tuch.
14:06 of 2nd period - Stopped by Jonathan Quick with a rebound.
14:08 of 2nd period - Slapshot by Niko Mikkola.
14:08 of 2nd period - Shot Misses the Net.
14:33 of 2nd period - Snap shot by Mitch Marner.
14:33 of 2nd period - Stopped by Frederik Andersen without a rebound.
14:34 of 2nd period - Jean-Gabriel Pageau wins face-off versus Alex Tuch in St.Louis Blues zone.
15:42 of 2nd period - Wrist shot by Sam Reinhart.
15:42 of 2nd period - Stopped by Frederik Andersen without a rebound.
15:43 of 2nd period - Elias Pettersson wins face-off versus Jean-Gabriel Pageau in St.Louis Blues zone.
15:48 of 2nd period - Alex Tuch is hit by Mattias Ekholm.
16:26 of 2nd period - Blake Coleman is hit by Robert Thomas and loses puck.
16:41 of 2nd period - Snap shot by Jordan Eberle.
16:41 of 2nd period - Shot Blocked by Colton Parayko.
16:47 of 2nd period - Colton Parayko is hit by Erik Gudbranson and loses puck.
17:12 of 2nd period - Snap shot by Joe Pavelski.
17:12 of 2nd period - Shot Blocked by Pavel Buchnevich.
18:26 of 2nd period - Wrist shot by Jack Eichel.
18:26 of 2nd period - Stopped by Jonathan Quick without a rebound.
18:27 of 2nd period - Leon Draisaitl wins face-off versus Jake Guentzel in Pittsburgh Penguins zone.
18:27 of 2nd period - Leon Draisaitl is hit by Jonas Brodin.
18:33 of 2nd period - Wrist shot by Leon Draisaitl.
18:33 of 2nd period - Shot Misses the Net.
18:35 of 2nd period - Wrist shot by Sam Reinhart.
18:35 of 2nd period - Stopped by Frederik Andersen without a rebound.
18:36 of 2nd period - Leon Draisaitl wins face-off versus Jake Guentzel in St.Louis Blues zone.
18:50 of 2nd period - Minor Penalty to Jonas Brodin for Holding Stick.
18:51 of 2nd period - Frederick Gaudreau wins face-off versus Leon Draisaitl in St.Louis Blues zone.
19:05 of 2nd period - Wrist shot by Sam Reinhart.
19:05 of 2nd period - Shot Misses the Net.
19:07 of 2nd period - Snap shot by Leon Draisaitl.
19:07 of 2nd period - Stopped by Frederik Andersen with a rebound.
Goals for this period are 0 for St.Louis Blues vs 2 for Pittsburgh Penguins.
Shots for this period are 7 for St.Louis Blues vs 15 for Pittsburgh Penguins.
3rd period
0:01 of 3rd period - Leon Draisaitl wins face-off versus Frederick Gaudreau in neutral zone.
0:50 of 3rd period - Penalty to Jonas Brodin is over, Jonas Brodin is back on ice.
1:01 of 3rd period - Slapshot by Jake Guentzel.
1:01 of 3rd period - Stopped by Jonathan Quick with a rebound.
1:03 of 3rd period - Wrist shot by Alex Tuch.
1:03 of 3rd period - Stopped by Jonathan Quick with a rebound.
1:05 of 3rd period - Wrist shot by Alex Tuch.
1:05 of 3rd period - Shot Blocked by Anton Stralman.
1:07 of 3rd period - Wrist shot by Alex Tuch.
1:07 of 3rd period - Goal by Alex Tuch - St.Louis Blues : 2 - Pittsburgh Penguins : 2.
1:08 of 3rd period - Elias Pettersson wins face-off versus Leon Draisaitl in neutral zone.
1:20 of 3rd period - Elias Pettersson is hit by Sam Reinhart and loses puck.
1:29 of 3rd period - Leon Draisaitl is hit by Alex Pietrangelo and loses puck.
2:23 of 3rd period - Snap shot by Alex Tuch.
2:23 of 3rd period - Shot Misses the Net.
2:45 of 3rd period - Snap shot by Mitch Marner.
2:45 of 3rd period - Stopped by Frederik Andersen without a rebound.
2:46 of 3rd period - Robert Thomas wins face-off versus Jean-Gabriel Pageau in St.Louis Blues zone.
2:46 of 3rd period - Robert Thomas is hit by Ryan Suter.
3:16 of 3rd period - Slapshot by Jordan Eberle.
3:16 of 3rd period - Shot Blocked by Morgan Rielly.
3:18 of 3rd period - Snap shot by Chris Tanev.
3:18 of 3rd period - Shot Blocked by Jonas Brodin.
3:20 of 3rd period - Backhand shot by Jordan Eberle.
3:20 of 3rd period - Shot Misses the Net.
3:46 of 3rd period - Wrist shot by Robert Thomas.
3:46 of 3rd period - Stopped by Jonathan Quick with a rebound.
4:02 of 3rd period - Wrist shot by Jeff Carter.
4:02 of 3rd period - Goal by Jeff Carter - St.Louis Blues : 2 - Pittsburgh Penguins : 3.
4:03 of 3rd period - Frederick Gaudreau wins face-off versus Pavel Buchnevich in neutral zone.
4:16 of 3rd period - Wrist shot by Alex Pietrangelo.
4:16 of 3rd period - Stopped by Jonathan Quick without a rebound.
4:17 of 3rd period - Jean-Gabriel Pageau wins face-off versus Elias Pettersson in Pittsburgh Penguins zone.
4:29 of 3rd period - Minor Penalty to Alex Pietrangelo for High sticking.
4:30 of 3rd period - Frederick Gaudreau wins face-off versus Leon Draisaitl in St.Louis Blues zone.
4:34 of 3rd period - Snap shot by Frederick Gaudreau.
4:34 of 3rd period - Shot Misses the Net.
4:36 of 3rd period - Slapshot by Danny DeKeyser.
4:36 of 3rd period - Deflect By Leon Draisaitl.
4:36 of 3rd period - Stopped by Jonathan Quick without a rebound.
4:37 of 3rd period - Frederick Gaudreau wins face-off versus Leon Draisaitl in Pittsburgh Penguins zone.
6:29 of 3rd period - Penalty to Alex Pietrangelo is over, Alex Pietrangelo is back on ice.
6:41 of 3rd period - Wrist shot by Jordan Eberle.
6:41 of 3rd period - Shot Misses the Net.
6:43 of 3rd period - Snap shot by Mattias Ekholm.
6:43 of 3rd period - Shot Misses the Net.
8:08 of 3rd period - Slapshot by Ondrej Kase.
8:08 of 3rd period - Stopped by Jonathan Quick without a rebound.
8:09 of 3rd period - Leon Draisaitl wins face-off versus Frederick Gaudreau in Pittsburgh Penguins zone.
8:36 of 3rd period - Jeff Carter is hit by Jack Eichel and loses puck.
8:43 of 3rd period - Evander Kane is hit by Mattias Ekholm and loses puck.
8:57 of 3rd period - Minor Penalty to Mattias Ekholm for Holding.
8:58 of 3rd period - Mitch Marner wins face-off versus Joe Pavelski in Pittsburgh Penguins zone.
8:58 of 3rd period - Mitch Marner is hit by Joe Pavelski.
9:29 of 3rd period - Slapshot by Tage Thompson.
9:29 of 3rd period - Deflect By Mitch Marner.
9:29 of 3rd period - Stopped by Jonathan Quick without a rebound.
9:30 of 3rd period - Joe Pavelski wins face-off versus Leon Draisaitl in Pittsburgh Penguins zone.
10:20 of 3rd period - Minor Penalty to Elias Pettersson for Tripping.
10:21 of 3rd period - Leon Draisaitl wins face-off versus Evander Kane in St.Louis Blues zone.
10:57 of 3rd period - Penalty to Mattias Ekholm is over, Mattias Ekholm is back on ice.
11:15 of 3rd period - Wrist shot by Jean-Gabriel Pageau.
11:15 of 3rd period - Shot Misses the Net.
11:17 of 3rd period - Snap shot by Mitch Marner.
11:17 of 3rd period - Shot Blocked by Morgan Rielly.
11:19 of 3rd period - Slapshot by Chris Tanev.
11:19 of 3rd period - Stopped by Frederik Andersen with a rebound.
11:21 of 3rd period - Wrist shot by Mitch Marner.
11:21 of 3rd period - Shot Blocked by Morgan Rielly.
11:23 of 3rd period - Snap shot by Mitch Marner.
11:23 of 3rd period - Shot Blocked by Morgan Rielly.
11:27 of 3rd period - Snap shot by Jean-Gabriel Pageau.
11:27 of 3rd period - Stopped by Frederik Andersen with a rebound.
11:29 of 3rd period - Wrist shot by Mitch Marner.
11:29 of 3rd period - Deflect By Mattias Ekholm.
11:29 of 3rd period - Shot Blocked by Morgan Rielly.
11:29 of 3rd period - Puck is out of play.
11:30 of 3rd period - Jeff Carter wins face-off versus Jimmy Vesey in St.Louis Blues zone.
11:35 of 3rd period - Slapshot by Ryan Johansen.
11:35 of 3rd period - Deflect By Pavel Buchnevich.
11:35 of 3rd period - Stopped by Frederik Andersen with a rebound.
11:37 of 3rd period - Snap shot by Pavel Buchnevich.
11:37 of 3rd period - Stopped by Frederik Andersen without a rebound.
11:38 of 3rd period - Pavel Buchnevich wins face-off versus Frederick Gaudreau in St.Louis Blues zone.
11:47 of 3rd period - Slapshot by Ryan Johansen.
11:47 of 3rd period - Shot Misses the Net.
11:49 of 3rd period - Slapshot by Ryan Suter.
11:49 of 3rd period - Stopped by Frederik Andersen with a rebound.
11:51 of 3rd period - Slapshot by Anton Stralman.
11:51 of 3rd period - Shot Blocked by Frederick Gaudreau.
11:53 of 3rd period - Snap shot by Jeff Carter.
11:53 of 3rd period - Goal by Jeff Carter - St.Louis Blues : 2 - Pittsburgh Penguins : 4.
11:54 of 3rd period - Jean-Gabriel Pageau wins face-off versus Elias Pettersson in neutral zone.
11:57 of 3rd period - Wrist shot by Jean-Gabriel Pageau.
11:57 of 3rd period - Stopped by Frederik Andersen without a rebound.
11:58 of 3rd period - Jean-Gabriel Pageau wins face-off versus Elias Pettersson in St.Louis Blues zone.
12:09 of 3rd period - Wrist shot by Pavel Buchnevich.
12:09 of 3rd period - Shot Hit the Post.
12:11 of 3rd period - Minor Penalty to Alex Tuch for Holding.
12:12 of 3rd period - Leon Draisaitl wins face-off versus Jimmy Vesey in St.Louis Blues zone.
12:21 of 3rd period - Slapshot by Mitch Marner.
12:21 of 3rd period - Stopped by Frederik Andersen with a rebound.
12:39 of 3rd period - Pavel Buchnevich is hit by Danny DeKeyser and loses puck.
14:11 of 3rd period - Penalty to Alex Tuch is over, Alex Tuch is back on ice.
14:31 of 3rd period - Jordan Eberle is hit by Jack Eichel and loses puck.
15:52 of 3rd period - Minor Penalty to Jordan Eberle for Holding.
15:53 of 3rd period - Joe Pavelski wins face-off versus Leon Draisaitl in Pittsburgh Penguins zone.
15:54 of 3rd period - Slapshot by Elias Pettersson.
15:54 of 3rd period - Shot Blocked by Leon Draisaitl.
15:56 of 3rd period - Slapshot by Jake Guentzel.
15:56 of 3rd period - Shot Blocked by Ryan Suter.
15:58 of 3rd period - Snap shot by Jake Guentzel.
15:58 of 3rd period - Deflect By Leon Draisaitl.
15:58 of 3rd period - Stopped by Jonathan Quick with a rebound.
16:26 of 3rd period - Anton Stralman is hit by Alex DeBrincat.
17:03 of 3rd period - Off-side.
17:04 of 3rd period - Joe Pavelski wins face-off versus Sam Reinhart in neutral zone.
17:07 of 3rd period - Mattias Ekholm is hit by Joe Pavelski and loses puck.
17:52 of 3rd period - Penalty to Jordan Eberle is over, Jordan Eberle is back on ice.
18:09 of 3rd period - Snap shot by Ryan Johansen.
18:09 of 3rd period - Goal by Ryan Johansen - St.Louis Blues : 2 - Pittsburgh Penguins : 5.
18:10 of 3rd period - Leon Draisaitl wins face-off versus Elias Pettersson in neutral zone.
18:37 of 3rd period - Icing by Erik Karlsson.
18:38 of 3rd period - Jean-Gabriel Pageau wins face-off versus Robert Thomas in Pittsburgh Penguins zone.
18:47 of 3rd period - Slapshot by Jeff Carter.
18:47 of 3rd period - Goal by Jeff Carter - St.Louis Blues : 2 - Pittsburgh Penguins : 6.
18:48 of 3rd period - Elias Pettersson wins face-off versus Leon Draisaitl in neutral zone.
18:53 of 3rd period - Snap shot by Elias Pettersson.
18:53 of 3rd period - Shot Misses the Net.
19:15 of 3rd period - Pavel Buchnevich is hit by Tage Thompson and loses puck.
19:46 of 3rd period - Wrist shot by Joe Pavelski.
19:46 of 3rd period - Stopped by Jonathan Quick with a rebound.
19:48 of 3rd period - Snap shot by Colton Parayko.
19:48 of 3rd period - Shot Misses the Net.
19:50 of 3rd period - Wrist shot by Evander Kane.
19:50 of 3rd period - Shot Misses the Net.
Goals for this period are 1 for St.Louis Blues vs 4 for Pittsburgh Penguins.
Shots for this period are 10 for St.Louis Blues vs 12 for Pittsburgh Penguins.
Back to the Top